 Dungeon Crawl Stone Soup version 0.21-a0-504-g2eda330 (webtiles) character file.

20 esteth the Skirmisher (level 3, 0/29 HPs)
             Began as a Formicid Abyssal Knight on Nov 26, 2017.
             Was a Follower of Lugonu.
             Slain by a jackal (3 damage)
             ... on level 1 of the Dungeon.
             The game lasted 00:01:55 (453 turns).

esteth the Skirmisher (Formicid Abyssal Knight)      Turns: 453, Time: 00:01:56

Health: 0/29       AC:  3    Str: 17    XL:     3   Next: 0%
Magic:  4/4        EV: 11    Int: 11    God:    Lugonu [*.....]
Gold:   29         SH:  0    Dex: 10    Spells: 2/2 levels left

rFire    . . .     SeeInvis +   a - +1 spear
rCold    . . .     Gourm    .   (no shield)
rNeg     . . .     Faith    .   b - +0 leather armour
rPois    .         Spirit   .   (helmet unavailable)
rElec    .         Reflect  .   (no cloak)
rCorr    .         Harm     .   (no gloves)
MR       .....                  (no boots)
Stlth    +.........             (no amulet)
HPRegen  0.09/turn              (no ring)
MPRegen  0.09/turn              (no ring)

@: no status effects
A: permanent stasis, dig shafts and tunnels, four strong arms, antennae 3
a: Dig, Shaft Self, Depart the Abyss, Renounce Religion


You were on level 1 of the Dungeon.
You worshipped Lugonu.
Lugonu was aware of your devotion.
You were not hungry.

You visited 1 branch of the dungeon, and saw 1 of its levels.
You visited the Abyss 1 time.

You collected 29 gold pieces.

Inventory:

Hand Weapons
 a - a +1 spear (weapon)
Armour
 b - a +0 leather armour (worn)
Jewellery
 e - a +3 ring of strength
Scrolls
 d - a scroll of fog
 g - 2 scrolls of identify
 h - a scroll of enchant weapon {unknown}
 k - a scroll of teleportation {unknown}
Comestibles
 c - a bread ration
 i - a meat ration
 j - 7 chunks of flesh


   Skills:
 + Level 3.5 Fighting
 + Level 2.2 Polearms
 + Level 2.5 Armour
 + Level 1.2 Dodging
 + Level 2.5 Invocations


You had 2 spell levels left.
You didn't know any spells.

Dungeon Overview and Level Annotations

Branches:
Dungeon (1/15)

Altars:


Innate Abilities, Weirdness & Mutations

You cannot be hasted, slowed, berserked, paralysed or teleported.
You can dig through walls and to a lower floor.
Your four strong arms can wield two-handed weapons with a shield.
You have a pair of large antennae on your head. (SInv)


Message History

Lugonu accepts your kill.
You have reached level 3!
Your experience leads to an increase in your attributes!
Increase (S)trength, (I)ntelligence, or (D)exterity?
You feel stronger. The jackal barely misses you.
As you read the scroll labeled VUNEPR ERAT, it crumbles to dust.
You hear the sound of one hand clapping.
It was a scroll of random uselessness.
The jackal bites you.
* * * LOW HITPOINT WARNING * * *
As you read the scroll labeled ZORCHETRETA, it crumbles to dust.
It is a scroll of identify.
e - a +3 ring of strength The jackal bites you.
* * * LOW HITPOINT WARNING * * *
A bat comes into view.
The jackal bites you but does no damage.
Some of the chunks of flesh in your inventory have rotted away.
The jackal bites you.
You die...

{ { ## ##### .#
#...# .# ###.#.# .#
#...#.######§###.##
#.###.@h§g§§.§....#
#.# #########b##..#
#.# # #.# #.#
#.##### #.....#
#####.# #.#


You could see a jackal.

Vanquished Creatures
  A dart slug (D:1)
  2 bats (D:1)
  A giant cockroach (D:1)
  A goblin (D:1)
  2 hobgoblins (D:1)
  4 jackals (D:1)
  3 kobolds (D:1)
  2 rats (D:1)
16 creatures vanquished.

Notes
Turn   | Place    | Note
-------+----------+-------------------------------------------
     0 | Abyss:1  | esteth the Formicid Abyssal Knight began the quest for the Orb.
     0 | Abyss:1  | Reached XP level 1. HP: 18/18 MP: 2/2
    62 | Abyss:1  | Noticed a flying skull
    63 | D:1      | Escaped the Abyss
   111 | D:1      | Reached skill level 1 in Dodging
   119 | D:1      | Reached * piety under Lugonu
   238 | D:1      | Reached XP level 2. HP: 24/24 MP: 3/3
   447 | D:1      | Reached XP level 3. HP: 7/29 MP: 4/4
   453 | D:1      | Slain by a jackal

Vault maps used:
D:1:      elethiomel_arrival_infinity_welcomes_careful_drivers

Skill      XL: |  1 |
---------------+----+-----
Dodging        | 1 |  1.2
Fighting       | |  3.5
Polearms       | |  2.2
Armour         | |  2.5
Invocations    | |  2.5

Action                   || total
-------------------------++-------
Melee: Spear             ||    70
Invok: Depart the Abyss  ||     1
  Use: Scroll            ||     3
Armor: Leather armour    ||    21
Dodge: Dodged            ||    40

Table legend:
 A = Spawn XP
 B = Non-spawn XP
 C = Spawn XP percentage of total XP
 D = Spawn monster count
 E = Non-spawn monster count
 F = Spawn count percentage of total count
 G = Total turns spent on level
                    A         B        C        D         E        F      G
               +---------+---------+-------+---------+---------+-------+---------
         Total |       0 |      29 |   0.0 |       0 |      16 |   0.0 |   453
               +---------+---------+-------+---------+---------+-------+---------
           D:1 |       0 |      29 |   0.0 |       0 |      16 |   0.0 |   390
               +---------+---------+-------+---------+---------+-------+---------
